Map: Fields of Death

Players

Grumm

  • Race: Zerg Zerg
  • League: Gold

Boo

  • Race: Terran Terran

Pookin - Winner!

  • Race: Zerg Zerg

shogunXIII - Winner!

  • Race: Terran Terran

VOD

Have the link to the VOD?

Description

Time

  • Played on: Jan. 23, 2016, 4:50 p.m.
  • Length: 21:06
Show
View Real Time Build Order
Export as new Build Order

Grumm Zerg 

Build Orders: Hatch First 

Get SALT Encoding   

  12  0:01  Drone  
  13  0:28  Drone  
  14  0:37  Hatchery  
  13  0:43  Drone  
  13  0:48  Overlord  
  14  1:08  Spawning Pool  
  13  1:13  Drone x2  
  15  1:38  Hatchery  
  14  1:56  Zergling x2  
  14  1:57  Zergling x6  
  18  2:19  Drone x2  
  18  2:20  Drone x2  
  22  2:23  Extractor  
  21  2:58  Spine Crawler  
  21  3:00  Overlord  
  21  3:01  Queen  
  21  3:05  Zergling x12  
  28  3:16  Spine Crawler  
  27  3:31  Zergling x12  
  27  3:32  Zergling x2  
  34  3:38  Drone  
  35  3:43  Extractor  
  34  3:49  Extractor  
  34  3:50  Extractor  
  29  4:09  Drone  
  30  4:10  Drone x7  
  35  4:23  Overlord  
  35  4:24  Overlord  
  35  4:33  Extractor  
  35  4:35  Drone  
  35  4:36  Drone, Extractor  
  35  4:37  Drone  
  36  4:46  Drone x3  
  39  4:58  Roach Warren  
  39  4:59  Overlord  
  38  5:02  Zergling x2  
  39  5:24  Queen  
  39  5:25  Queen  
  39  5:28  Drone x3  
  46  5:31  Drone x3  
  49  5:41  Burrow  
  48  6:01  Lair  
  48  6:04  Overlord x2  
  48  6:05  Roach  
  48  6:06  Roach x3  
  48  6:08  Metabolic Boost  
  56  6:23  Roach x4  
  56  6:24  Roach  
  66  6:28  Drone  
  67  6:34  Spore Crawler  
  67  6:36  Spore Crawler  
  65  6:41  Drone  
  65  6:42  Drone x4  
  70  7:10  Drone x3  
  70  7:11  Drone  
  70  7:12  Drone x3  
  70  7:14  Roach x2  
  70  7:15  Overlord x2  
  81  7:37  Glial Reconstitution  
  81  7:44  Infestation Pit, Nydus Network  
  81  7:48  Hydralisk Den  
  81  7:49  Drone  
  81  7:50  Drone x4, Spine Crawler  
  83  7:51  Drone x4  
  83  7:54  Roach  
  83  7:55  Roach x3  
  87  8:27  Roach  
  87  8:28  Roach x4  
  97  8:36  Spore Crawler  
  96  8:48  Hive  
  96  8:49  Muscular Augments  
  96  8:50  Hatchery  
  96  8:52  Hydralisk  
  96  8:54  Overlord x3  
  96  8:55  Overlord  
  97  9:28  Hydralisk x5  
  97  9:29  Hydralisk x7  
  120  9:47  Nydus Canal  
  113  10:15  Hydralisk  
  113  10:16  Hydralisk x10  
  135  10:23  Nydus Canal  
  135  10:31  Overseer  
  135  10:32  Overseer  
  117  11:25  Zergling x2  
  117  11:26  Zergling x16  
  125  11:54  Overlord  
  125  11:55  Overlord x2  
  125  11:58  Lurker Den  
  57  13:27  Zergling x10  
  57  13:28  Zergling x50  
  87  13:34  Adrenal Glands  
  46  14:10  Roach x7  
  46  14:11  Roach x3  
  57  14:24  Ultralisk Cavern  
  57  14:30  Hatchery  
  55  14:39  Hatchery, Queen  
  54  15:13  Ultralisk x6  
  72  15:28  Hatchery  
  72  15:32  Ultralisk x2  
  83  15:38  Queen  
  83  15:40  Drone  
  83  15:42  Extractor  
  85  15:44  Extractor  
  84  16:01  Ultralisk x3  
  102  16:07  Roach x4  
  110  16:25  Chitinous Plating  
  110  16:54  Zergling x20  
  121  17:08  Drone x2  
  75  18:07  Ultralisk x3  
  75  18:09  Drone x5  
  65  18:58  Drone x4  
  65  18:59  Drone  
  65  19:01  Drone x4  
  65  19:02  Drone  
  71  19:09  Drone x2  
  74  19:10  Drone  
  74  19:18  Spawning Pool  
  73  19:24  Evolution Chamber  
  53  20:05  Ultralisk  
Show
View Real Time Build Order
Export as new Build Order

Boo Terran 

Build Orders: Bio Tank 

Get SALT Encoding   

  12  0:01  SCV  
  13  0:13  SCV  
  14  0:25  SCV  
  15  0:43  Supply Depot  
  15  0:59  Refinery  
  15  1:04  SCV  
  16  1:11  Barracks  
  16  1:17  SCV  
  17  1:23  Barracks  
  17  1:29  SCV  
  18  1:41  SCV  
  19  1:47  Refinery  
  19  1:53  SCV  
  20  2:05  SCV  
  20  2:07  Barracks Tech Lab  
  21  2:11  Barracks Reactor  
  21  2:14  Supply Depot  
  21  2:17  SCV  
  22  2:29  SCV  
  23  2:35  Marine  
  23  2:36  Supply Depot  
  24  2:41  SCV  
  25  2:49  Marine x2  
  27  2:53  Marine, SCV  
  29  3:01  Factory  
  29  3:05  SCV  
  29  3:07  Marine x2  
  32  3:27  Command Center  
  32  3:31  Marine  
  33  3:34  Marine  
  34  3:45  Factory Tech Lab  
  34  3:50  Starport  
  34  4:09  Marine x3  
  37  4:12  Stimpack  
  37  4:16  SCV  
  38  4:27  Supply Depot  
  38  4:28  SCV  
  39  4:39  Siege Tank  
  42  4:58  Marine  
  42  4:59  Starport Reactor, Marine  
  44  5:02  Supply Depot  
  44  5:03  Supply Depot, SCV  
  45  5:12  SCV  
  46  5:15  SCV  
  47  5:24  SCV  
  47  5:27  SCV  
  49  5:36  SCV  
  49  5:39  SCV  
  51  5:47  Marine x2  
  51  5:48  Marine, SCV  
  51  5:49  Medivac x2, Siege Tank  
  62  5:51  Supply Depot, SCV  
  63  6:05  SCV  
  63  6:08  Refinery x2  
  64  6:14  Engineering Bay  
  64  6:18  Combat Shields  
  64  6:21  Siege Tank  
  64  6:24  SCV  
  68  6:36  SCV  
  68  6:39  Marine x2  
  70  6:43  Barracks  
  70  6:44  SCV  
  70  6:45  Supply Depot  
  70  6:47  Medivac  
  74  6:48  Medivac, SCV  
  74  6:53  Siege Tank  
  80  6:56  SCV  
  80  7:00  SCV  
  82  7:08  SCV  
  83  7:12  Marine x3  
  86  7:17  Medivac  
  86  7:18  Medivac  
  90  7:25  Siege Tank  
  93  7:30  Marine  
  93  7:31  Barracks Reactor  
  94  7:38  Planetary Fortress  
  94  7:50  Command Center  
  94  7:56  Supply Depot  
  94  8:17  Marine x5  
  94  8:18  Siege Tank  
  94  8:19  Supply Depot x2  
  102  8:23  Orbital Command  
  102  8:36  Factory  
  102  8:40  Marine, SCV  
  104  8:41  Supply Depot  
  104  8:42  Supply Depot  
  102  8:53  SCV  
  83  9:05  SCV  
  78  9:17  SCV  
  76  9:29  SCV  
  77  9:36  SCV  
  66  9:41  Missile Turret  
  66  9:46  Marine x5  
  66  9:48  Siege Tank, SCV  
  66  9:49  Factory Tech Lab  
  66  9:50  Factory, Refinery  
  66  9:52  Armory  
  75  9:53  Supply Depot  
  75  10:00  SCV  
  75  10:01  Refinery, Missile Turret  
  75  10:04  Marine  
  77  10:12  SCV  
  77  10:13  Medivac x2  
  82  10:15  Siege Tank  
  82  10:17  Supply Depot  
  82  10:19  Marine x4  
  82  10:20  Siege Tank  
  92  10:21  Marine  
  92  10:24  Missile Turret  
  92  10:25  SCV  
  92  10:26  SCV  
  95  10:37  Marine x4  
  95  10:38  SCV  
  95  10:39  Marine, Planetary Fortress  
  101  10:43  Medivac x2  
  101  10:47  Siege Tank  
  108  10:50  SCV  
  108  10:52  Siege Tank  
  108  10:54  Marine x2  
  108  10:55  Marine x2  
  116  10:57  Marine  
  116  11:02  Factory Tech Lab  
  116  11:03  SCV  
  118  11:05  Terran Vehicle And Ship Armor Level 1, Supply Depot  
  118  11:15  SCV  
  119  11:19  Siege Tank  
  119  11:24  Siege Tank  
  125  11:38  Marine x3  
  125  11:39  Marine x2  
  130  11:41  Thor  
  80  11:51  Siege Tank  
  80  11:56  Marine x3, Siege Tank  
  67  12:10  Marine  
  67  12:11  Marine  
  67  12:14  Marine x3  
  72  12:23  Thor  
  72  12:25  Siege Tank  
  72  12:28  Marine x2, Siege Tank  
  86  12:31  Marine  
  86  12:32  Marine x2  
  73  12:46  Marine x2  
  72  12:57  SCV  
  73  13:00  Terran Vehicle Weapons Level 1  
  73  13:09  SCV  
  74  13:13  Marine x3  
  74  13:14  Marine x2  
  74  13:16  Siege Tank  
  82  13:21  Command Center  
  82  13:31  Marine x3  
  82  13:32  Marine  
  86  13:35  Siege Tank x2  
  86  13:38  Marine  
  93  13:48  Siege Tank  
  96  13:49  Marine x3  
  99  14:07  Siege Tank  
  99  14:26  Marine x3  
  99  14:27  Marine x2  
  95  14:44  Marine x3  
  57  15:22  Siege Tank  
  51  15:39  Orbital Command  
  51  15:43  Refinery  
  51  15:44  Refinery  
  51  15:55  Siege Tank  
  50  16:16  Command Center  
  50  16:27  Siege Tank  
  53  16:35  Command Center  
  53  16:54  Marine  
  53  16:55  Marine x3  
  57  17:03  Marine  
  47  17:12  Marine x2  
  47  17:13  Marine x2  
  37  17:16  SCV  
  35  17:28  SCV  
  36  17:35  Siege Tank  
  36  17:37  Marine  
  26  18:00  SCV  
  27  18:12  SCV  
  23  18:24  Command Center, SCV  
  21  18:34  SCV  
  19  18:37  SCV  
  20  18:46  Refinery, SCV  
  21  18:54  Engineering Bay  
  21  18:58  SCV x2  
  23  19:10  Refinery, SCV x2  
  25  19:22  SCV  
Show
View Real Time Build Order
Export as new Build Order

Pookin Zerg - Winner!

Build Orders: Hatch First, Lurkers 

Get SALT Encoding   

  12  0:03  Drone  
  13  0:10  Drone  
  14  0:41  Overlord  
  14  0:45  Hatchery  
  13  0:54  Drone  
  14  0:58  Extractor  
  14  1:01  Drone  
  14  1:02  Drone  
  15  1:11  Drone  
  16  1:30  Spawning Pool  
  16  1:32  Drone  
  16  1:33  Drone  
  17  1:41  Drone  
  18  1:53  Overlord  
  18  2:04  Drone x2  
  20  2:18  Metabolic Boost, Queen  
  20  2:19  Queen  
  24  2:30  Drone  
  24  2:31  Drone x3  
  28  2:39  Roach Warren  
  28  2:44  Drone  
  28  2:52  Zergling x6  
  31  3:03  Zergling x6  
  34  3:07  Evolution Chamber  
  33  3:14  Zergling x4  
  33  3:16  Extractor  
  34  3:28  Queen  
  34  3:32  Lair  
  36  3:37  Overlord  
  36  3:38  Overlord  
  36  3:47  Evolution Chamber  
  35  4:08  Zerg Melee Weapons Level 1  
  29  4:18  Hatchery  
  27  4:25  Overlord  
  27  4:27  Drone x4  
  31  4:42  Glial Reconstitution  
  31  4:44  Drone x2  
  33  4:56  Drone x3  
  33  4:58  Drone  
  37  5:14  Zerg Ground Armor Level 1  
  37  5:18  Drone x3, Extractor x2  
  38  5:23  Burrow  
  38  5:30  Drone x2  
  38  5:31  Drone  
  41  5:39  Baneling Nest  
  40  5:56  Drone x5  
  40  5:57  Drone x3  
  48  6:11  Nydus Network  
  47  6:27  Zerg Melee Weapons Level 2  
  47  6:34  Nydus Network  
  47  6:36  Drone x7, Spore Crawler  
  52  7:01  Hatchery, Baneling x3  
  52  7:02  Overlord x2  
  51  7:14  Drone x4  
  51  7:15  Drone x2  
  57  7:21  Infestation Pit  
  56  7:27  Queen  
  56  7:28  Queen  
  60  7:36  Spore Crawler  
  59  7:53  Hydralisk Den  
  58  8:07  Queen  
  58  8:08  Overlord x2  
  58  8:09  Overlord  
  58  8:12  Hive  
  60  8:13  Roach  
  60  8:14  Roach x5  
  60  8:15  Roach  
  74  8:20  Roach x2  
  74  8:23  Overlord  
  78  8:35  Overlord  
  78  8:36  Roach x4  
  80  8:53  Roach x7  
  72  9:09  Roach x6  
  85  9:10  Roach  
  66  9:39  Zerg Ground Armor Level 2, Zerg Missile Weapons Level 1  
  66  9:45  Lurker Den  
  66  9:51  Tunneling Claws  
  66  9:55  Queen  
  66  9:56  Queen  
  70  10:18  Nydus Canal  
  70  10:20  Nydus Canal  
  70  10:25  Drone x4  
  74  10:39  Roach  
  74  10:40  Roach x3  
  82  10:46  Nydus Canal  
  80  10:51  Roach x2  
  80  10:52  Roach  
  74  11:08  Queen  
  74  11:09  Queen  
  78  11:25  Nydus Canal  
  78  11:28  Ultralisk Cavern  
  78  11:32  Pneumatized Carapace  
  77  11:33  Overlord  
  77  11:37  Hydralisk x2  
  81  11:56  Hatchery  
  81  11:58  Nydus Canal  
  81  11:59  Roach  
  81  12:00  Roach x3  
  88  12:04  Lurker  
  88  12:07  Lurker  
  90  12:28  Roach x3  
  94  12:44  Zergling x6, Roach x4  
  99  12:45  Zergling x2  
  86  13:10  Roach x5  
  86  13:11  Roach x2  
  98  13:18  Nydus Canal  
  98  13:19  Nydus Canal  
  93  13:28  Zergling x10  
  98  13:38  Overlord  
  98  13:39  Drone x5  
  101  13:59  Roach x6  
  107  14:13  Hydralisk x2  
  104  14:34  Nydus Canal x2  
  104  14:45  Lurker x2  
  104  14:57  Roach x4  
  104  14:58  Roach x3  
  114  15:15  Nydus Canal  
  114  15:25  Hydralisk x2  
  114  15:26  Overlord x2  
  102  15:30  Hatchery  
  91  15:50  Nydus Canal  
  91  15:53  Queen  
  93  15:59  Zerg Melee Weapons Level 3  
  93  16:02  Hatchery  
  92  16:05  Extractor  
  92  16:08  Zergling x2, Extractor  
  92  16:09  Zergling x18  
  100  16:13  Nydus Canal  
  100  16:22  Lurker  
  101  16:55  Nydus Canal  
  101  16:58  Zergling x8  
  101  16:59  Zergling x16  
  101  17:00  Zergling x20  
  124  17:06  Nydus Canal  
  116  17:32  Ultralisk x2  
  120  17:37  Nydus Canal  
  116  17:47  Lurker  
  117  17:51  Ultralisk  
  117  17:57  Ultralisk  
  123  18:53  Ultralisk x2  
  129  19:25  Hatchery  
  129  19:27  Hatchery  
  129  19:30  Hatchery  
  117  20:15  Nydus Network  
  116  20:46  Zergling x8  
  116  20:47  Zergling x2  
  116  20:48  Zergling x4  
  116  20:49  Zergling x10  
Show
View Real Time Build Order
Export as new Build Order

shogunXIII Terran - Winner!

Build Orders: MMM Bio 

Get SALT Encoding   

  12  0:01  SCV  
  13  0:15  Supply Depot  
  13  0:17  SCV  
  14  0:29  SCV  
  15  0:40  Barracks  
  15  0:45  SCV  
  16  0:57  SCV  
  17  1:22  Command Center  
  17  1:24  Refinery  
  17  1:39  Supply Depot  
  17  1:41  SCV  
  18  1:49  Refinery  
  18  1:52  Marine  
  18  1:53  SCV  
  20  2:12  Barracks  
  20  2:22  Engineering Bay  
  20  2:30  Barracks Tech Lab  
  20  2:35  Orbital Command  
  20  2:39  SCV  
  21  3:03  SCV  
  21  3:05  SCV  
  23  3:14  Barracks Reactor  
  23  3:15  SCV  
  23  3:17  SCV  
  25  3:23  Barracks  
  25  3:27  SCV  
  26  3:34  Barracks  
  26  3:35  Combat Shields  
  26  3:44  SCV  
  26  3:46  SCV  
  28  3:56  SCV  
  28  3:58  SCV  
  30  4:10  Marine x2, SCV  
  30  4:11  Marine  
  30  4:12  Marine  
  34  4:25  Factory  
  34  4:32  Command Center  
  34  4:33  Marine x2  
  34  4:37  Marine  
  37  4:39  Marine  
  37  4:40  Marine  
  37  4:43  SCV  
  40  4:50  Refinery  
  40  4:54  Refinery  
  40  4:55  SCV  
  40  4:57  SCV  
  42  5:09  Stimpack, SCV  
  43  5:20  Barracks Reactor  
  43  5:22  SCV, Factory Tech Lab  
  43  5:25  Starport  
  43  5:26  Supply Depot  
  44  5:31  Barracks Reactor  
  44  5:34  SCV  
  45  5:37  SCV  
  46  5:46  SCV  
  46  5:48  Siege Tank  
  46  5:49  SCV  
  51  5:50  Supply Depot  
  51  5:55  SCV  
  52  6:01  Bunker, SCV  
  53  6:06  Marauder  
  53  6:07  Marine, SCV  
  57  6:14  Supply Depot, Starport Reactor  
  57  6:19  SCV  
  57  6:20  Engineering Bay  
  58  6:28  SCV  
  58  6:31  SCV  
  58  6:32  SCV  
  61  6:37  Supply Depot  
  61  6:40  SCV  
  61  6:44  SCV  
  63  6:50  Hellion  
  63  6:53  Terran Infantry Weapons Level 1  
  65  6:54  Terran Infantry Armor Level 1  
  65  6:56  Medivac x2  
  69  7:01  SCV  
  69  7:03  SCV  
  69  7:08  SCV  
  72  7:14  SCV  
  72  7:15  SCV  
  74  7:24  SCV  
  74  7:26  SCV  
  74  7:27  SCV  
  77  7:36  SCV  
  78  7:38  SCV  
  78  7:39  SCV  
  78  7:42  Marauder, Marine x4  
  78  7:43  Marine x2  
  88  7:48  SCV  
  88  7:50  SCV  
  90  7:51  SCV  
  91  7:58  Barracks  
  91  8:00  SCV  
  91  8:02  Armory  
  91  8:03  Marauder, SCV  
  91  8:05  Supply Depot  
  86  8:22  Siege Tank  
  86  8:25  Marauder, Marine x2  
  86  8:26  Marine x4  
  97  8:29  Supply Depot  
  97  8:36  Refinery  
  97  8:37  SCV  
  97  8:38  Refinery  
  97  8:40  SCV  
  99  8:42  Marine  
  99  8:43  Marine  
  101  8:50  SCV  
  101  8:51  Marauder  
  101  8:52  Supply Depot  
  94  9:02  SCV  
  83  9:12  Marauder  
  83  9:14  SCV  
  83  9:15  Marine x4  
  85  9:19  Marine  
  85  9:20  Marine x2  
  88  9:26  SCV  
  89  9:32  Marine  
  89  9:33  Marine x3  
  89  9:34  Marauder  
  89  9:37  Marine x2  
  98  9:43  Siege Tank  
  101  9:46  Barracks Tech Lab  
  101  9:50  Marine  
  101  9:51  Marine x3, Barracks  
  104  9:54  SCV  
  104  9:55  Marauder, Marine x2  
  109  10:00  Supply Depot  
  109  10:06  SCV  
  110  10:08  Marine x2  
  110  10:09  Marine x2  
  110  10:13  Marine x2  
  115  10:16  Marauder  
  117  10:21  Siege Tank  
  117  10:23  Supply Depot  
  117  10:26  Marine x2  
  117  10:27  Bunker  
  122  10:34  Marauder, Marine  
  125  10:44  Marine x5  
  125  10:45  Marauder  
  132  10:52  Marine  
  132  10:54  Command Center  
  133  11:06  Concussive Shells, Barracks  
  133  11:08  Barracks Tech Lab, Terran Infantry Weapons Level 2  
  133  11:10  Terran Infantry Armor Level 2  
  133  11:38  Supply Depot  
  133  11:54  Marine x3  
  133  11:56  Marauder  
  133  11:57  Marine  
  133  11:59  Marine x2  
  133  12:00  Marauder  
  129  12:02  Supply Depot  
  129  12:08  Marine  
  127  12:09  Medivac, Marauder  
  127  12:10  Medivac  
  127  12:12  Marine x3  
  134  12:15  Marine  
  134  12:17  Marine x2  
  134  12:18  Marauder  
  134  12:21  Marauder  
  127  12:26  Marine  
  126  12:30  Marauder, Marine x3  
  126  12:33  Marine  
  126  12:34  Marine x2  
  116  12:39  Medivac, Marauder  
  116  12:40  Medivac  
  116  12:42  Marauder  
  116  12:44  Marine  
  121  12:48  Marine x2  
  121  12:51  Marauder, Marine  
  104  12:52  Marine x2  
  105  13:00  Marine  
  105  13:01  Marauder, Marine  
  105  13:04  Marauder  
  111  13:06  Marine x2  
  111  13:09  Medivac, Marine  
  111  13:10  Marine x2  
  120  13:13  Marauder  
  120  13:18  Marine  
  120  13:19  Marine  
  122  13:22  Marauder  
  122  13:23  Marine  
  122  13:24  Marine  
  126  13:46  Command Center  
  126  13:51  Command Center  
  122  14:57  Marauder, Marine  
  122  14:58  Marauder x2  
  92  15:19  Marauder  
  92  15:20  SCV  
  95  15:23  SCV  
  95  15:27  Orbital Command  
  96  15:32  SCV  
  96  15:35  SCV  
  98  15:38  Terran Infantry Weapons Level 3  
  98  15:39  Command Center, Terran Infantry Armor Level 3  
  98  15:40  Marauder, Marine  
  98  15:41  Marauder, Marine x5  
  108  15:44  SCV  
  108  15:45  Medivac  
  108  15:47  Medivac, SCV  
  115  15:58  Marine x2  
  115  15:59  Marine x4, SCV  
  115  16:02  Marauder x2  
  124  16:08  Planetary Fortress  
  120  16:11  Refinery, SCV  
  120  16:14  Refinery  
  120  16:16  Marine x2  
  123  16:21  Siege Tank  
  123  16:22  Marine x2  
  123  16:23  Marauder, Marine x2  
  123  16:24  Marauder  
  134  16:34  Marine x2  
  136  16:40  Marine  
  136  16:44  Marauder  
  136  16:45  Marauder  
  141  16:53  Siege Tank  
  144  17:06  Marauder x2  
  137  17:27  Marauder  
  137  17:28  Marauder  
  114  17:49  Marauder  
  109  18:05  Marine x2  
  108  18:06  Marine x5  
  108  18:09  Marine  
  106  18:23  Marine x3  
  106  18:24  Marine x4  
  94  18:33  Marine  
  70  18:40  Marine  
  71  18:41  Marine x2  
  71  18:42  Marine x4  
  71  18:45  SCV  
  78  18:50  Liberator x2  
  78  18:51  Marine  
  79  18:57  SCV  
  79  18:58  Marine  
  79  18:59  Marine x4  
  79  19:00  Marine x2  
  87  19:09  Marine, SCV  
  95  19:16  Marine  
  96  19:17  Marine x6, SCV  
  96  19:24  SCV  
  104  19:27  Marine  
  104  19:29  SCV  
  106  19:34  Marine  
  106  19:35  Marine x6  
  106  19:36  SCV  
  114  19:44  Marine  
  115  19:50  Medivac  
  115  19:52  Marine x2  
  119  20:13  Marine x4  
  119  20:14  Marine x2  
  125  20:31  Marine x5  
  125  20:32  Marine  
  131  20:43  Supply Depot  
Tags
 
Add a new tag
Caveats
  • Supply blocks, unpowered buildings, or Contaminate may cause inaccurate times.
  • Supply counts are checked every 10 seconds.